 Dungeon Crawl Stone Soup version 0.28.0-45-g0d030f2227 (webtiles) character file.

Game seed: 6107839451168731659

165 101zpm the Magician (level 5, -3/35 HPs)
             Began as a Djinni Ice Elementalist on Apr 11, 2022.
             Frozen to death by an endoplasm (4 damage)
             ... on level 3 of the Dungeon.
             The game lasted 00:16:05 (3495 turns).

101zpm the Magician (Djinni Ice Elementalist)       Turns: 3495, Time: 00:16:05

Health: -3/35      AC:  2    Str:  7    XL:     5   Next: 75%
Gold:   95         EV: 13    Int: 25    God:
                   SH:  0    Dex: 19

rFire   + + .      SeeInvis .   (no weapon)
rCold   x . .      Faith    .   (no shield)
rNeg    . . .      Spirit   .   a - +0 robe
rPois   ∞          Reflect  .   (no helmet)
rElec   .          Harm     .   (no cloak)
rCorr   .          Rampage  .   (no gloves)
Will    .....                   (boots unavailable)
Stlth   ++........              (no amulet)
HPRegen 0.11/turn               f - +6 ring of dexterity
MPRegen 0.00/turn               n - +6 ring of intelligence

@: flying
A: sickness immunity, fire resistance 2, cold vulnerability 1, float, innate
caster, HP casting, extra vitality 1
a: no special abilities


You were on level 3 of the Dungeon.
You visited 1 branch of the dungeon, and saw 4 of its levels.

You collected 95 gold pieces.

Inventory:

Hand Weapons
 j - a +1 antimagic whip
Missiles
 k - 6 poisoned darts
Armour
 a - a +0 robe (worn)
Jewellery
 f - a +6 ring of dexterity (left hand)
 n - a +6 ring of intelligence (right hand)
Scrolls
 b - a scroll of amnesia {unknown}
 d - a scroll of fear {unknown}
 e - 3 scrolls of blinking {unknown}
 g - 4 scrolls of teleportation {unknown}
 m - 2 scrolls of vulnerability {unknown}
 o - a scroll of identify {unknown}
 q - a scroll of fog {unknown}
Potions
 c - 3 potions of attraction {unknown}
 h - 3 potions of degeneration {unknown}
 i - a potion of resistance {unknown}
 l - a potion of berserk rage {unknown}
 p - a potion of lignification {unknown}


   Skills:
 + Level 0.2 Fighting
 + Level 1.1 Throwing
 + Level 2.2 Dodging
 + Level 2.2 Stealth
 + Level 4.7 Spellcasting


You couldn't memorise any spells.
You knew the following spells:

 Your Spells              Type           Power      Damage    Failure   Level
a - Freeze                Ice            100%       1d11      1%          1
b - Frozen Ramparts       Ice            58%        1d7       3%          3
c - Ozocubu's Armour      Ice            29%        N/A       3%          3
d - Hailstorm             Conj/Ice       29%        3d8       12%         4
e - Pain                  Necr           100%       1d9       1%          1
f - Poisonous Vapours     Pois/Air       58%        N/A       1%          2
Your spell library was empty.

Dungeon Overview and Level Annotations

Branches:
Dungeon (4/15)
 Temple: D:4-7

Altars:


Innate Abilities, Weirdness & Mutations

You are immune to sickness and miasma.
You are immune to poison.
Your flesh is very heat resistant. (rF++)
You are vulnerable to cold. (rC-)
You float through the air rather than walking.
You learn spells naturally, not from books.
Your magical power is your life essence.
You have superior vitality. (+4 MHP)


Message History

Aiming: Poisonous Vapours (safe; 1% risk of failure)
Press: ? - help, Dir - move target, f/p - gnoll
Aim: a gnoll, wielding a +0 club and quivering a throwing net (moderately wounded, very poisoned) Poisonous vapours surround the gnoll!
The gnoll looks as sick as possible!
* * * LOW HITPOINT WARNING * * *
The gnoll throws a throwing net.
The throwing net barely misses you.
Casting: Poisonous Vapours (safe; 1% risk of failure)
Confirm with . or Enter, or press ? or * to list all spells.
Aiming: Pain (safe; 1% risk of failure)
Press: ? - help, Shift-Dir - straight line, f/p - gnoll
Aim: a gnoll, wielding a +0 club (moderately wounded, extremely poisoned, chance to affect: 88%)
The gnoll writhes in agony.
* * * LOW HITPOINT WARNING * * *
Casting: Pain (safe; 1% risk of failure)
Confirm with . or Enter, or press ? or * to list all spells.
Aiming: Pain (safe; 1% risk of failure)
Press: ? - help, Shift-Dir - straight line, f/p - gnoll
Aim: a gnoll, wielding a +0 club (severely wounded, extremely poisoned, chance to affect: 88%)
The gnoll barely resists.
* * * LOW HITPOINT WARNING * * *
You kill the gnoll!
A hobgoblin comes into view.
Casting: Pain (safe; 1% risk of failure)
Confirm with . or Enter, or press ? or * to list all spells.
Aiming: Poisonous Vapours (safe; 1% risk of failure)
Press: ? - help, Dir - move target, f - hobgoblin
Aim: a hobgoblin (wandering, hasn't noticed you) Poisonous vapours surround the hobgoblin!
The hobgoblin is poisoned.
* * * LOW HITPOINT WARNING * * *
A gnoll comes into view. It is wielding a +0 spear.
Casting: Poisonous Vapours (safe; 1% risk of failure)
Confirm with . or Enter, or press ? or * to list all spells.
You don't have enough health to cast this spell.
You fly upwards.
The endoplasm hits you.
* * * LOW HITPOINT WARNING * * *
There is a stone staircase leading down here.
The endoplasm freezes you.
You are frozen.
You feel a terrible chill!
You die...

#...>...##..####.#...#
#.......##.......#...##5
####.#######.###..)..)..
#.# ##..........5.
#.######.............
##.##......>.....[[...
#..#..................
#.##................#.
###.##.(..@J............
#....................###
###..................#
#.#........#..###.##
#####.#(...............
###..........).........
#....##................
#................#.###
#.......##....#<..)..#


You could see an endoplasm.

Vanquished Creatures
  6 gnolls
  4 adders
  4 worms (D:2)
  2 dart slugs
  4 orcs (D:3)
  A ball python (D:2)
  4 bats
  4 endoplasms
  A giant cockroach (D:1)
  5 goblins
  6 hobgoblins
  2 quokkas
  4 frilled lizards
  3 kobolds (D:2)
  7 rats
57 creatures vanquished.

Notes
Turn   | Place    | Note
-------+----------+-------------------------------------------
     0 | D:1      | 101zpm the Djinni Ice Elementalist began the quest for the
                  | Orb.
     0 | D:1      | Reached XP level 1. HP: 15/15 MP: 0/0
   207 | D:3      | Reached XP level 2. HP: 11/21 MP: 0/0
   763 | D:1      | Reached XP level 3. HP: 24/25 MP: 0/0
   763 | D:1      | Learned a level 1 spell: Pain
  1551 | D:1      | Reached skill level 4 in Spellcasting
  1679 | D:2      | Reached skill level 1 in Throwing
  1679 | D:2      | Reached XP level 4. HP: 13/31 MP: 0/0
  2171 | D:2      | Reached XP level 5. HP: 23/35 MP: 0/0
  2171 | D:2      | Learned a level 2 spell: Poisonous Vapours
  3046 | D:2      | Found a faded altar of an unknown god.
  3492 | D:3      | HP: 1/35 [endoplasm (2)]
  3495 | D:3      | Frozen to death by an endoplasm

Illustrated notes

Levels and vault maps discovered:
D:1:      dpeg_arrival_windows_large_door, layout_basic, serial_park_tiny_1,
          minmay_ruptured
D:2:      layout_rooms, dilly_ecumenical_altar_fadedgnrine,
          kennysheep_cross_bottleneck
D:3:      layout_rooms
D:4:      layout_cave_pods

Skill      XL: |  1  2  3 |
---------------+----------+-----
Stealth        | 2 |  2.2
Spellcasting   | 4 |  4.7
Throwing       | 1 |  1.1
Fighting       | |  0.2
Dodging        | |  2.2

Action                   |  1- 3 |  4- 6 || total
-------------------------+-------+-------++-------
Melee: Unarmed           |     7 |       ||     7
Throw: Dart              |    15 |       ||    15
 Cast: Freeze            |    33 |     1 ||    34
       Pain              |     1 |    40 ||    41
       Frozen Ramparts   |     1 |     1 ||     2
       Poisonous Vapours |       |    33 ||    33
 Stab: Sleeping          |     1 |       ||     1
Armor: Robe              |     8 |       ||     8
Dodge: Dodged            |    17 |     4 ||    21
